 Dungeon Crawl Stone Soup version 0.31-a0-154-g56bf346678 (webtiles) character file.

Game seed: 5642971323324818141

746 SkeletonJelly the Insei (level 8, -6/62 HPs)
             Began as a Djinni Transmuter on June 12, 2023.
             Mangled by a two-headed ogre
             ... wielding a +0 giant club
              (7 damage)
             ... on level 5 of the Dungeon.
             The game lasted 00:16:30 (3769 turns).

SkeletonJelly the Insei (Djinni Transmuter)         Turns: 3769, Time: 00:16:30

Health: -6/62      AC: 11    Str: 15    XL:     8   Next: 5%
Gold:   175        EV: 10    Int: 17    God:
                   SH:  0    Dex: 14

rFire   x .          .
                       - Unarmed
rCold   + + +        (shield currently unavailable)
rNeg    . . .        a - melded +0 robe
rPois   ∞            (helmet currently unavailable)
rElec   .            h - melded +0 cloak
rCorr   .            (gloves currently unavailable)
SInv    .            (boots unavailable)
Will    .....        (no amulet)
Stlth   +            e - +6 ring of strength
HPRegen 0.30/turn    k - +4 ring of protection
MPRegen 0.00/turn

%: infuse magic (-7 HP)
@: ice-form, flying
A: freezing attack, flying, boosted hp, sickness immunity, large, (fire
resistance 2), (cold vulnerability 1), float, innate caster, HP casting, extra
vitality 1
a: End Transformation


You were on level 5 of the Dungeon.
You were a creature of crystalline ice.
You visited 1 branch of the dungeon, and saw 5 of its levels.
You also visited: Sewer and Ossuary.

You collected 175 gold pieces.

Inventory:

Missiles
 r - a curare-tipped dart
Armour
 a - a +0 robe (melded)
 f - a +0 buckler
 h - a +0 cloak (melded)
Jewellery
 e - a +6 ring of strength (left front paw)
 k - a +4 ring of protection (right front paw)
 n - a ring of resist corrosion
 y - a +4 ring of protection
Wands
 u - a wand of paralysis (11)
 A - a wand of iceblast (13)
Scrolls
 d - 3 scrolls of identify
 i - a scroll of vulnerability
 m - a scroll of blinking
 o - a scroll of noise {unknown}
 v - a scroll of fear
 x - a scroll of immolation {unknown}
 z - 2 scrolls of teleportation {unknown}
Potions
 b - 2 potions of lignification
 c - a potion of haste {unknown}
 g - a potion of berserk rage {unknown}
 j - a potion of cancellation {unknown}
 l - 3 potions of curing {unknown}
 p - 3 potions of heal wounds
 q - 3 potions of enlightenment
 s - a potion of ambrosia {unknown}
 t - 2 potions of attraction {unknown}
 w - a potion of brilliance {unknown}


   Skills:
 - Level 1.0 Fighting
 - Level 2.1 Dodging
 + Level 6.6 Unarmed Combat
 + Level 4.9 Spellcasting
 + Level 4.9 Conjurations
 + Level 4.9 Hexes
   Level 0.0 Charms
 + Level 4.9 Summonings
 + Level 4.9 Necromancy
 + Level 4.9 Translocations
 + Level 4.9 Transmutations
 + Level 4.9 Fire Magic
 + Level 4.9 Ice Magic
 + Level 4.9 Air Magic
 + Level 4.9 Earth Magic
 + Level 4.9 Poison Magic


You knew the following spells:

 Your Spells              Type           Power      Damage    Failure   Level
a - Beastly Appendage     Tmut           40%        N/A       1%          1
b - Sting                 Tmut/Pois      80%        1d7       1%          1
c - Passwall              Tmut/Erth      16%        N/A       3%          2
d - Stone Arrow           Conj/Erth      40%        3d9       6%          3
q - Spider Form           Tmut/Pois      20%        N/A       6%          3
s - Wereblood             Tmut           20%        N/A       3%          2
w - Ice Form              Ice/Tmut       20%        N/A       19%         4
Your spell library was empty.

Dungeon Overview and Level Annotations

Branches:
Dungeon (5/15)              Sewer (visited)         Ossuary (visited)
 Temple: D:4-7

Altars:
Gozag
Nemelex Xobeh
Zin

Shops:
D:5 *??(?


Innate Abilities, Weirdness & Mutations

You are a creature of crystalline ice.
You have a powerful freezing melee attack.
You are flying.
Your maximum health is increased.
Your armour is entirely melded.
You are incapable of wielding weapons or throwing items.
You are immune to sickness and miasma.
You are immune to poison.
((Your flesh is very heat resistant. (rF++)))
((You are vulnerable to cold. (rC-)))
You float through the air rather than walking.
You learn spells naturally, not from books.
Your magical power is your life essence.
You have superior vitality. (+4 MHP)


Message History

You now have 175 gold pieces (gained 9).
There is an entrance to Vyif's Magic Scroll Shop here.
You warm up again.
Your +0 cloak unmelds from your body.
Your +0 robe unmelds from your body.
An adder comes into view.
You now have 52/52 hp.
You see here a staff of fire.
The adder hisses angrily.
Casting: Ice Form (quite dangerous; 21% risk of failure)
Confirm with . or Enter, or press ? or * to list all spells.
Your blood is infused with primal strength.
You take 2 damage, and have 50/52 hp.
Casting: Wereblood (safe; 3% risk of failure)
Confirm with . or Enter, or press ? or * to list all spells.
The spell is quite dangerous to miscast (21% risk of failure)!
Continue anyway?
You turn into a creature of crystalline ice.
Your +0 cloak melds into your body.
Your +0 robe melds into your body.
You now have 56/62 hp.
You punch the adder! You freeze the adder.
You feel a bit better.
You kill the adder!
You regained 2 hp, and now have 58/62 hp.
No target in view!
No target in view!
No target in view!
No target in view!
You howl as the wereblood boils in your veins!
You howl as the wereblood boils in your veins!
z - 2 scrolls labelled UNTUOPR OKUGE (gained 1)
Your primal bloodlust is almost over.
As you open the door, it creaks loudly!
Health restored: 62
There is an open door here.
Your primal bloodlust has ended.
Found a stone staircase leading up.
Your transformation is almost over.
l - 3 bubbling coppery potions (gained 1)
There is a stone staircase leading up here.
You warm up again.
Your +0 cloak unmelds from your body.
Your +0 robe unmelds from your body.
Found a stone staircase leading down.
You now have 52/52 hp.
There is a stone staircase leading down here.
An adder comes into view.
The adder hisses angrily.
An adder is nearby!
An adder is nearby!
An adder is nearby!
Casting: Ice Form (quite dangerous; 19% risk of failure)
Confirm with . or Enter, or press ? or * to list all spells.
Your blood is infused with primal strength.
You take 2 damage, and have 50/52 hp.
Casting: Wereblood (safe; 3% risk of failure)
Confirm with . or Enter, or press ? or * to list all spells.
The spell is quite dangerous to miscast (19% risk of failure)!
Continue anyway?
You turn into a creature of crystalline ice.
Your +0 cloak melds into your body.
Your +0 robe melds into your body.
You now have 55/62 hp.
You punch the adder!
The adder seems to slow down.
You freeze the adder.
You feel a bit better.
You kill the adder!
You regained 2 hp, and now have 58/62 hp.
No target in view!
No target in view!
No target in view!
No target in view!
No target in view!
No target in view!
You howl as the wereblood boils in your veins!
Your primal bloodlust is almost over.
You howl as the wereblood boils in your veins!
Your primal bloodlust has ended.
Found a flail.
Health restored: 62 A two-headed ogre comes into view.
It is wielding two +0 giant clubs.
The two-headed ogre shouts in stereo!
A two-headed ogre is nearby!
A two-headed ogre is nearby!
A two-headed ogre is nearby!
A two-headed ogre is nearby!
Unknown command.
Unknown command.
You punch the two-headed ogre! You freeze the two-headed ogre.
The two-headed ogre is moderately wounded.
You hit the two-headed ogre. You freeze the two-headed ogre.
The two-headed ogre is moderately wounded.
The two-headed ogre hits you with a +0 giant club!! x2
* * * LOW HITPOINT WARNING * * *
You take 49 damage, and have 13/62 hp.
MASSIVE DAMAGE!!
You are too injured to fight recklessly!
You are too injured to fight recklessly!
You are too injured to fight recklessly!
You are too injured to fight recklessly!
You are too injured to fight recklessly!
You are too injured to fight recklessly!
You punch the two-headed ogre! You freeze the two-headed ogre.
The two-headed ogre is severely wounded.
The two-headed ogre hits you with a +0 giant club!
* * * LOW HITPOINT WARNING * * *
The two-headed ogre hits you with a +0 giant club!
You die...

+.....................
####...########.......
#........# #.......
#..#####.# ##..####
#..#### #..####
#.....# #......
#.###.# #.#####
#.###.##.# #.#
#)YO.....# #.# #
#####.#### ##.#####
#.#..>.. ##.##### ###
#


You could see a two-headed ogre.

Vanquished Creatures
  Duvessa (D:5)
  2 kobold brigands (Sewer)
  Dowan (D:5)
  A howler monkey (D:4)
  2 jellies
  A hound (D:4)
  An orc priest (D:3)
  An iguana (D:4)
  A sleepcap (D:5)
  An orc wizard (D:4)
  A mummy (Ossuary)
  A gnoll (D:1)
  7 adders
  4 dart slugs
  6 orcs
  3 spectral bats (Ossuary)
  7 ball pythons
  4 endoplasms
  3 giant cockroaches
  12 gnoll zombies (Ossuary)
  4 goblins
  6 hobgoblins
  6 jackals (D:1)
  11 kobolds
  5 quokkas
  4 bats
  2 frilled lizards (D:1)
  5 goblin simulacra (Ossuary)
  3 goblin zombies (Ossuary)
  3 hobgoblin zombies (Ossuary)
  A kobold simulacrum (Ossuary)
  6 kobold zombies (Ossuary)
  6 orc zombies (Ossuary)
  4 rats
  3 rat simulacra (Ossuary)
  2 spectral goblins (Ossuary)
  4 spectral kobolds (Ossuary)
  2 spectral rats (Ossuary)
137 creatures vanquished.

Notes
Turn   | Place    | Note
-------+----------+-------------------------------------------
     0 | D:1      | SkeletonJelly the Djinni Transmuter began the quest for the
                  | Orb.
     0 | D:1      | SkeletonJelly set off with the following spells memorised:
                  | Beastly Appendage, Wereblood, Spider Form, Ice Form.
     0 | D:1      | Reached XP level 1. HP: 17/17 MP: 0/0
    75 | D:1      | Reached XP level 2. HP: 21/22 MP: 0/0
   129 | D:1      | Found a faded altar of an unknown god.
   445 | D:1      | Reached XP level 3. HP: 15/27 MP: 0/0
   445 | D:1      | Learned a level 1 spell: Sting
  1166 | D:2      | Reached XP level 4. HP: 31/32 MP: 0/0
  1205 | D:3      | Found a glowing drain.
  1219 | D:3      | Reached skill level 4 in Unarmed Combat
  1229 | Sewer    | Entered a sewer
  1284 | Sewer    | Noticed a kobold brigand
  1284 | Sewer    | Noticed a kobold brigand
  1294 | Sewer    | Killed a kobold brigand
  1295 | Sewer    | Reached XP level 5. HP: 16/37 MP: 0/0
  1295 | Sewer    | Learned a level 2 spell: Passwall
  1297 | Sewer    | Killed a kobold brigand
  1298 | Sewer    | Reached XP level 6. HP: 6/42 MP: 0/0
  1494 | Sewer    | Found a white marble altar of Elyvilon.
  1732 | D:3      | Reached skill level 5 in Unarmed Combat
  2151 | D:4      | Reached XP level 7. HP: 47/47 MP: 0/0
  2151 | D:4      | Learned a level 3 spell: Stone Arrow
  2252 | D:4      | Found a sand-covered staircase.
  2324 | Ossuary  | Entered an ossuary
  3167 | D:4      | Found a sparkling altar of Nemelex Xobeh.
  3167 | D:4      | Found an opulent altar of Gozag.
  3234 | D:4      | Reached skill level 6 in Unarmed Combat
  3252 | D:4      | Found a glowing silver altar of Zin.
  3361 | D:5      | Entered Level 5 of the Dungeon
  3425 | D:5      | Noticed Dowan
  3429 | D:5      | Killed Dowan
  3429 | D:5      | Noticed Duvessa
  3436 | D:5      | Killed Duvessa
  3562 | D:5      | Found Xiguepsu's Assorted Antiques.
  3566 | D:5      | Found Neusix's Magic Scroll Shoppe.
  3568 | D:5      | Found Vyif's Magic Scroll Shop.
  3571 | D:5      | Found Bunn's Weapon Boutique.
  3574 | D:5      | Found Lieka Wolux's Magic Scroll Emporium.
  3588 | D:5      | Reached XP level 8. HP: 52/52 MP: 0/0
  3765 | D:5      | Noticed a two-headed ogre
  3769 | D:5      | HP: 1/62 [two-headed ogre/+0 giant club (13)]
  3769 | D:5      | Mangled by a two-headed ogre

Illustrated notes

Levels and vault maps discovered:
D:1:      dpeg_arrival_orchard, layout_loops_ring,
          shapermc_ecumenical_altar_mp_highgroup
D:2:      layout_rooms, serial_glass, glass_columns_a, glass_columns_a,
          glass_columns_b, glass_columns_b, glass_columns_a, glass_columns_a
D:3:      layout_rooms, cheibrodos_sewer_entry_drain
D:4:      wander_river, layout_rooms, grunt_temple_overflow_opulence,
          zin_statuary, chequers_ossuary_entry_cave
D:5:      layout_loops_corners, minmay_misc_feat_alley,
          nicolae_shop_national_dungeon_mall, uniq_duvessa

Skill      XL: |  1  2  3  4  5  6  7 |
---------------+----------------------+-----
Unarmed Combat | 4 5 6 |  6.6
Spellcasting   | 3 4 |  4.9
Conjurations   | 3 4 |  4.9
Hexes          | 3 4 |  4.9
Summonings     | 3 4 |  4.9
Necromancy     | 3 4 |  4.9
Translocations | 3 4 |  4.9
Transmutations | 3 4 |  4.9
Fire Magic     | 3 4 |  4.9
Ice Magic      | 3 4 |  4.9
Air Magic      | 3 4 |  4.9
Earth Magic    | 3 4 |  4.9
Poison Magic   | 3 4 |  4.9
Fighting       | |  1.0
Dodging        | |  2.1

Action                     |  1- 3 |  4- 6 |  7- 9 || total
---------------------------+-------+-------+-------++-------
  Melee: Unarmed           |    90 |    78 |   175 ||   343
         Headbutt          |    16 |     3 |    10 ||    29
         Punch             |     3 |     2 |     2 ||     7
   Cast: Beastly Appendage |    13 |     5 |     6 ||    24
         Wereblood         |    13 |     7 |    18 ||    38
         Spider Form       |       |     2 |     3 ||     5
         Ice Form          |       |     2 |    11 ||    13
    Use: Scroll            |       |       |     5 ||     5
 Armour: Robe              |    14 |     9 |    26 ||    49
         Skin              |       |    22 |    24 ||    46
  Dodge: Dodged            |    54 |    51 |    86 ||   191

Table legend: (Time is in decaauts)
 A = Elapsed time spent in this place.
 B = Non-inter-level travel time spent in this place.
 C = Inter-level travel time spent in this place.
 D = Time resting spent in this place.
 E = Time spent auto-exploring this place.
 F = Levels seen in this place.
 G = Mean time per level.
                   A        B        C        D        E       F      G
               +--------+--------+--------+--------+--------+-----+--------+
         Total |   3735 |   3639 |     96 |     55 |   2683 |   7 |  533.6 |
       Dungeon |   2994 |   2898 |     96 |     55 |   2253 |   5 |  598.8 |
         Sewer |    301 |    301 |      0 |      0 |    196 |   1 |  301.0 |
       Ossuary |    440 |    440 |      0 |      0 |    234 |   1 |  440.0 |
               +--------+--------+--------+--------+--------+-----+--------+

Top non-repeatable levels by time:
     D:1: 791 daAuts
     D:4: 785 daAuts
     D:3: 605 daAuts
 Ossuary: 440 daAuts
     D:2: 406 daAuts
     D:5: 405 daAuts
   Sewer: 301 daAuts
